 Dungeon Crawl Stone Soup version 0.26-a0-663-g36e8fdb655 (webtiles) character file.

Game seed: 14372368922270428158

1569 Descartes the Covert (level 8, -2/36 HPs)
             Began as a Spriggan Conjurer on Oct 11, 2020.
             Was an Initiate of Vehumet.
             Killed by divine providence
             ... invoked by an orc priest
              (13 damage)
             ... on level 6 of the Dungeon.
             The game lasted 00:19:12 (9738 turns).

Descartes the Covert (Spriggan Conjurer)            Turns: 9738, Time: 00:19:13

Health: -2/36      AC:  6    Str:  3    XL:     8   Next: 59%
Magic:  14/16      EV: 22    Int: 21    God:    Vehumet [......]
Gold:   368        SH:  0    Dex: 15    Spells: 11/17 levels left

rFire    . . .     SeeInvis +   d - +0 short sword
rCold    . . .     Faith    .   (shield restricted)
rNeg     . . .     Spirit   .   a - +0 robe
rPois    .         Reflect  .   (helmet restricted)
rElec    .         Harm     .   (no cloak)
rCorr    .         Rampage  .   (gloves unavailable)
MR       +....                  (boots unavailable)
Stlth    ++++......             (no amulet)
HPRegen  0.12/turn              j - +4 ring of protection
MPRegen  0.15/turn              A - +4 ring of slaying

@: very quick
A: very small, unfitting armour, see invisible, speed 3
a: Renounce Religion


You were on level 6 of the Dungeon.
You worshipped Vehumet.
Vehumet was noncommittal.
You visited 2 branches of the dungeon, and saw 7 of its levels.

You collected 368 gold pieces.

Inventory:

Hand Weapons
 d - a +0 short sword (weapon)
 n - a +0 hunting sling
Missiles
 f - 172 stones (quivered)
 i - 75 arrows
 r - 50 sling bullets
 t - 5 atropa-tipped darts
 v - 8 boomerangs
 z - 14 poisoned darts
Armour
 a - a +0 robe (worn)
Jewellery
 j - a +4 ring of protection (left hand)
 p - an uncursed ring of wizardry
 w - an uncursed ring of stealth
 A - a +4 ring of slaying (right hand)
 F - an uncursed ring of protection from magic {unknown}
Wands
 E - a wand of random effects (19)
 G - a wand of acid (7)
Scrolls
 g - 7 scrolls of remove curse
 h - 2 scrolls of magic mapping {unknown}
 l - a scroll of immolation {unknown}
 m - 2 scrolls of teleportation {unknown}
 q - 3 scrolls of identify {unknown}
 u - 5 scrolls of blinking {unknown}
 x - a scroll of fog {unknown}
 y - a scroll of enchant armour {unknown}
 B - a scroll of noise {unknown}
 D - 2 scrolls of amnesia {unknown}
Potions
 b - 4 potions of haste {unknown}
 c - 2 potions of might {unknown}
 e - 3 potions of brilliance {unknown}
 k - 3 potions of flight {unknown}
 o - a potion of mutation {unknown}
 s - 2 potions of curing {unknown}
 C - a potion of lignification {unknown}


   Skills:
 + Level 7.5 Dodging
 + Level 8.2 Stealth
 - Level 5.0 Spellcasting
 * Level 6.1 Conjurations
 + Level 3.3 Hexes


You had 11 spell levels left.
You knew the following spells:

 Your Spells              Type           Power        Failure   Level
a - Magic Dart            Conj           ####         1%          1
b - Dazzling Flash        Conj/Hex       ####..       4%          3
c - Searing Ray           Conj           ####..       1%          2

Your spell library contained the following spells:

 Spells                   Type           Power        Failure   Level
 Fulminant Prism          Conj/Hex       ####......   16%         4
 Iskenderun's Mystic Bla  Conj/Tloc      ###.....     30%         4


Dungeon Overview and Level Annotations

Branches:
Dungeon (6/15)             Temple (1/1) D:5

Altars:
Elyvilon
Fedhas
Gozag
Hepliaklqana
Kikubaaqudgha
Makhleb
Okawaru
Qazlal
Sif Muna
Trog
Uskayaw
Vehumet
Wu Jian
Xom
Yredelemnul
Zin
The Shining One

Annotations:
D:3 2 runed translucent doors, Borbozo's ghost, amateur HaWn
D:6 1 runed translucent door, Crazy Yiuf; Maggie


Innate Abilities, Weirdness & Mutations

You are very small and have problems with some larger weapons.
You are too small for most types of armour.
You have supernaturally acute eyesight. (SInv)
You cover ground extremely quickly.


Message History

Beogh smites you!
Casting: Magic Dart (safe; 1% risk of failure)
Confirm with . or Enter, or press ? or * to list all spells.
Aiming: Magic Dart (safe; 1% risk of failure)
Press: ? - help, Shift-Dir - straight line, f/p - orc priest
Aim: an orc priest, wielding a +0 dagger (lightly wounded)
The magic dart hits the orc priest.
The orc priest is heavily wounded.
The orc priest invokes the aid of Beogh against you.
Beogh smites you!
Casting: Magic Dart (safe; 1% risk of failure)
Confirm with . or Enter, or press ? or * to list all spells.
Aiming: Magic Dart (safe; 1% risk of failure)
Press: ? - help, Shift-Dir - straight line, f/p - orc priest
Aim: an orc priest, wielding a +0 dagger (heavily wounded)
The magic dart hits the orc priest.
The orc priest is almost dead.
The orc priest mumbles some strange prayers to Beogh against you.
Beogh smites you!
You die...

#........##.# ##.......#### #
#......)<##.# #<..#...##
###.##.#...##.# ##########
..).....##.##.####.#
........##......#..#######
#.#.....##.............#)### ###
#.#.....###.............#..##...#
#.#.....# #............####.+.).#
#.#.....# #.>...@.....## ###.))#
#.####..# ######.#.#### ### ).
#..## ##..#.# #...#####o.##.#
##....#...###.##############
#.##.#.#####........##....#
#.#................<#..#..#
#............[....##....#..
##........^.............#..


You could see an orc priest.

Vanquished Creatures
  Menkaure (D:4)
  An ice beast (D:5)
  A necrophage (D:6)
  A sky beast (D:4)
  2 ogres
  2 centaurs
  2 scorpions (D:5)
  A howler monkey (D:4)
  A centaur zombie (D:5)
  A hound (D:4)
  An orc wizard (D:3)
  8 orc priests
  Ijyb (D:4)
  An iguana (D:5)
  3 worker ants
  3 hound skeletons
  A worker ant zombie (D:6)
  6 adders
  2 shadow imps
  A white imp (D:3)
  An ufetubus (D:5)
  An adder skeleton (D:5)
  3 worms
  A dart slug (D:2)
  2 leopard geckos
  22 orcs
  3 ball pythons
  3 giant cockroaches (D:1)
  13 goblins
  5 hobgoblins
  2 jackals (D:4)
  2 quokkas
  12 bats
  7 frilled lizards
  A jackal skeleton (D:4)
  6 kobolds
  A quokka skeleton (D:5)
  A quokka zombie (D:5)
  13 rats
139 creatures vanquished.

Vanquished Creatures (others)
  2 fungi (D:6)
  2 plants (D:5)
  3 toadstools (D:6)
7 creatures vanquished.

Grand Total: 146 creatures vanquished

Notes
Turn   | Place    | Note
-------+----------+-------------------------------------------
     0 | D:1      | Descartes the Spriggan Conjurer began the quest for the
                  | Orb.
     0 | D:1      | Reached XP level 1. HP: 9/9 MP: 5/5
   335 | D:1      | Reached XP level 2. HP: 13/13 MP: 5/7
  1080 | D:1      | Reached XP level 3. HP: 16/16 MP: 3/8
  1442 | D:2      | Found a bloodstained altar of Trog.
  2460 | D:2      | Reached XP level 4. HP: 21/21 MP: 8/10
  3006 | D:2      | Learned a level 3 spell: Dazzling Flash
  3039 | D:3      | Reached skill level 4 in Stealth
  3473 | D:3      | Reached XP level 5. HP: 24/24 MP: 9/12
  4091 | D:3      | Found a large runed translucent door.
  4091 | D:3      | Found a large runed translucent door.
  4099 | D:3      | Noticed Borbozo's ghost (amateur HaWn)
  4488 | D:4      | Noticed Ijyb
  4594 | D:4      | Noticed an ogre
  4594 | D:4      | Noticed a sky beast
  4609 | D:4      | Killed an ogre
  4609 | D:4      | Reached skill level 5 in Stealth
  4609 | D:4      | Reached skill level 5 in Spellcasting
  4609 | D:4      | Reached XP level 6. HP: 28/28 MP: 8/14
  5332 | D:4      | Killed Ijyb
  5469 | D:4      | Reached skill level 5 in Dodging
  5598 | D:4      | Learned a level 2 spell: Searing Ray
  5747 | D:4      | Killed a sky beast
  5799 | D:4      | Noticed Menkaure
  5868 | D:4      | Killed Menkaure
  5868 | D:4      | Reached skill level 6 in Stealth
  5868 | D:4      | Reached XP level 7. HP: 23/32 MP: 5/15
  6430 | D:5      | Entered Level 5 of the Dungeon
  6466 | D:5      | Reached skill level 5 in Conjurations
  6634 | D:5      | Found a staircase to the Ecumenical Temple.
  6651 | Temple   | Entered the Ecumenical Temple
  6796 | Temple   | Became a worshipper of Vehumet
  6991 | D:5      | Reached skill level 7 in Stealth
  6991 | D:5      | Reached skill level 1 in Hexes
  7242 | D:5      | Reached XP level 8. HP: 36/36 MP: 9/16
  7891 | D:5      | Found a staircase to the Ecumenical Temple.
  8423 | D:6      | Noticed Maggie
  9172 | D:6      | Found a burning altar of Makhleb.
  9199 | D:6      | Reached skill level 8 in Stealth
  9707 | D:6      | Found a runed translucent door.
  9708 | D:6      | Noticed Crazy Yiuf
  9738 | D:6      | Killed from afar by an orc priest

Illustrated notes

Levels and vault maps discovered:
D:1:      elethiomel_arrival_diamonds, layout_loops_ring, skrybe_limestone_x,
          serial_park_tiny_pond
D:2:      layout_loops_ring, old_standard_altar, wad_orctagon
D:3:      layout_basic, ebering_ghost_disaster_area, grunt_ministairs_1
D:4:      layout_loops_ring, kennysheep_generic_room_6, uniq_menkaure, uniq_ijyb
D:5:      layout_cave_pools, minmay_temple_entry_gardened_gates
D:6:      layout_rooms, grunt_decor_fettered, minmay_gold_behind_fungi,
          kennysheep_big_empty_room, makhleb_blood_cavern_becter, uniq_grinder,
          uniq_crazy_yiuf_cottage, uniq_maggie
Temple:   nicolae_temple_elliptical

Skill      XL: |  1  2  3  4  5  6  7  8 |
---------------+-------------------------+-----
Conjurations   | 3 4 5 6 |  6.1
Spellcasting   | 3 4 5 |  5.0
Dodging        | 4 5 6 7 |  7.5
Stealth        | 4 5 6 7 8 |  8.2
Hexes          | 1 3 |  3.3

Action                   |  1- 3 |  4- 6 |  7- 9 || total
-------------------------+-------+-------+-------++-------
Melee: Short sword       |     5 |    13 |     4 ||    22
 Cast: Magic Dart        |   125 |   171 |   224 ||   520
  Use: Scroll            |       |     1 |       ||     1
Armor: Robe              |     4 |     6 |    10 ||    20
Dodge: Dodged            |    18 |    37 |    69 ||   124

Table legend: (Time is in decaauts)
 A = Elapsed time spent in this place.
 B = Non-inter-level travel time spent in this place.
 C = Inter-level travel time spent in this place.
 D = Time resting spent in this place.
 E = Time spent auto-exploring this place.
 F = Levels seen in this place.
 G = Mean time per level.
                   A        B        C        D        E       F      G
               +--------+--------+--------+--------+--------+-----+--------+
         Total |   8051 |   7746 |    305 |    118 |   6602 |   7 | 1150.1 |
       Dungeon |   7949 |   7672 |    277 |    118 |   6531 |   6 | 1324.8 |
        Temple |    101 |     74 |     27 |      0 |     71 |   1 |  101.0 |
               +--------+--------+--------+--------+--------+-----+--------+

Top non-repeatable levels by time:
     D:5: 2226 daAuts
     D:3: 1625 daAuts
     D:2: 1491 daAuts
     D:1: 1142 daAuts
     D:4: 982 daAuts
     D:6: 480 daAuts
  Temple: 101 daAuts
